 Dungeon Crawl Stone Soup version 0.28.0-47-ge53b351184 (webtiles) character file.

Game seed: 381088908245991898

254 winsomniak the Charlatan (level 6, -1/47 HPs)
             Began as a Gnoll Artificer on May 1, 2022.
             Was a Believer of Vehumet.
             Slain by a killer bee (4 damage)
             ... on level 4 of the Dungeon.
             The game lasted 00:33:35 (3920 turns).

winsomniak the Charlatan (Gnoll Artificer)          Turns: 3920, Time: 00:33:35

Health: -1/47      AC:  4    Str: 14    XL:     6   Next: 14%
Magic:  8/8        EV: 12    Int: 16    God:    Vehumet [**....]
Gold:   130        SH:  0    Dex: 12    Spells: 7/8 levels left

rFire   . . .      SeeInvis .   w - +0 short sword (venom)
rCold   . . .      Faith    .   (no shield)
rNeg    . . .      Spirit   .   b - +0 leather armour
rPois   .          Reflect  .   t - +0 helmet
rElec   .          Harm     .   (no cloak)
rCorr   .          Rampage  .   (no gloves)
Will    .....                   (no boots)
Stlth   ++........              (no amulet)
HPRegen 0.15/turn               m - +6 ring of intelligence
MPRegen 0.11/turn               (no ring)

@: no status effects
A: fangs 1, strong nose, distributed training
a: Renounce Religion


You were on level 4 of the Dungeon.
You worshipped Vehumet.
Vehumet was pleased with you.
You visited 1 branch of the dungeon, and saw 4 of its levels.

You collected 130 gold pieces.

Inventory:

Hand Weapons
 a - a +0 club
 k - a +0 dagger
 w - a +0 short sword of venom (weapon)
Missiles
 f - 4 atropa-tipped darts
 l - 4 boomerangs
 n - 62 bolts
 r - 28 arrows
 v - 10 poisoned darts
Armour
 b - a +0 leather armour (worn)
 t - a +0 helmet (worn)
Jewellery
 m - a +6 ring of intelligence (left hand)
 u - an amulet of guardian spirit
Wands
 c - a wand of flame (12) (quivered)
 d - a wand of charming (14)
 o - a wand of iceblast (10)
Scrolls
 g - 2 scrolls of enchant weapon {unknown}
 h - 4 scrolls of identify {unknown}
 i - a scroll of enchant armour {unknown}
 p - a scroll of noise {unknown}
Miscellaneous
 e - a piece from Xom's chessboard (15/15)


   Skills:
 + Level 3.1 Fighting
 + Level 1.8 Short Blades
 + Level 1.8 Long Blades
 + Level 1.8 Axes
 + Level 1.8 Maces & Flails
 + Level 1.8 Polearms
 + Level 1.8 Staves
 + Level 1.8 Slings
 + Level 1.8 Bows
 + Level 1.8 Crossbows
 + Level 1.8 Throwing
 + Level 4.9 Armour
 + Level 3.1 Dodging
 + Level 3.0 Stealth
 + Level 1.8 Shields
 + Level 1.8 Unarmed Combat
 + Level 1.8 Spellcasting
 + Level 1.4 Conjurations
 + Level 1.4 Hexes
 + Level 1.4 Summonings
 + Level 1.4 Necromancy
 + Level 1.4 Translocations
 + Level 1.4 Transmutations
 + Level 1.4 Fire Magic
 + Level 1.4 Ice Magic
 + Level 1.4 Air Magic
 + Level 1.4 Earth Magic
 + Level 1.4 Poison Magic
 + Level 2.0 Invocations
 + Level 6.8 Evocations


You had 7 spell levels left.
You knew the following spells:

 Your Spells              Type           Power      Damage    Failure   Level
a - Foxfire               Conj/Fire      24%        2x1d5     14%         1

Your spell library contained the following spells:

 Spells                   Type           Power      Damage    Failure   Level
 Searing Ray              Conj           12%        2d4       22%         2
 Gell's Gravitas          Tloc           6%         N/A       41%         3
 Portal Projectile        Hex/Tloc       12%        N/A       41%         3
 Manifold Assault         Tloc           6%         N/A       99%         5


Dungeon Overview and Level Annotations

Branches:
Dungeon (4/15)
 Temple: D:4-7

Altars:
Ashenzari
Ru
Vehumet

Shops:
D:3 (

Annotations:
D:3 exclusion: statue
D:4 Zeld's ghost, novice MfIE


Innate Abilities, Weirdness & Mutations

You have very sharp teeth.
Your uncanny sense of smell can sniff out nearby items.
Your experience applies equally to all skills.


Message History

The gnoll is charmed.
A nearby plant withers and dies.
The gnoll hits you but does no damage.
You swap places.
The gnoll closely misses you. The gnoll barely misses you.
The gnoll barely misses your gnoll.
Things that are here:
a +0 club; a gnoll corpse The gnoll zaps a wand.
Your gnoll evaporates and reforms as a killer bee!
There is a broken translucent door here.
A gnoll comes into view.
It is wielding a +2 spear of electrocution.
The gnoll moves out of view.
Zeld's ghost (novice Merfolk Ice Elementalist) comes into view.
Found a manual of Polearms, a tourmaline ring and 9 gold pieces.
Zeld's ghost turns its malevolent gaze towards you.
A gnoll comes into view. It is wielding a +0 halberd.
There is a transporter here.
You enter the transporter and appear at another place.
A gnoll breaks down the door.
Why would you want to do that?
You start resting.
Magic restored.
You start resting.
Zeld's ghost says, "What do you have that I didn't have?"
The killer bee is no longer charmed.
The killer bee stings you!
* * * LOW HITPOINT WARNING * * *
The killer bee closely misses you.
You miss the killer bee. Your bite misses the killer bee.
The killer bee barely misses you. x2
Casting: Foxfire (safe; 14% risk of failure)
Confirm with . or Enter, or press ? or * to list all spells.
Okay, then.
Aiming: Throw Flame
Press: ? - help, Shift-Dir - straight line, f/p - killer bee
Aim: a killer bee (48% to hit)
The puff of flame hits the killer bee.
The killer bee is moderately wounded.
The gnoll shouts!
The killer bee stings you.
* * * LOW HITPOINT WARNING * * *
The killer bee stings you.
You die...

#..≈≈.8#.######'###'##
∆ .#$..#8..#P.P#.##.
.'$.:#⌠g.)..g+..#.
#.#$.W#8gP#..P#.##.
#.######'###'## #
.......g......
.###g#####.###...
#.#.###.©.###.#.#.#
##...@y......### #
≈≈≈≈≈≈≈≈≈≈≈≈≈≈≈≈≈
≈≈≈≈≈≈≈≈≈≈≈≈≈≈≈≈≈
.................
.................
#################


You could see a killer bee, Zeld's ghost and 3 gnolls.

Vanquished Creatures
  2 hounds
  A jelly (D:4)
  Terence (D:3)
  An orc wizard (D:3)
  A gnoll (D:4)
  5 adders
  An adder skeleton (D:4)
  A dart slug (D:2)
  3 orcs (D:3)
  4 bats
  5 endoplasms
  3 giant cockroaches
  5 goblins
  3 hobgoblins
  9 kobolds
  3 quokkas
  4 ball pythons
  2 frilled lizards
  3 rats
57 creatures vanquished.

Vanquished Creatures (collateral kills)
  A foxfire (D:4)
1 creature vanquished.

Vanquished Creatures (others)
  54 foxfires
  10 plants
64 creatures vanquished.

Grand Total: 122 creatures vanquished

Notes
Turn   | Place    | Note
-------+----------+-------------------------------------------
     0 | D:1      | winsomniak the Gnoll Artificer began the quest for the Orb.
     0 | D:1      | Reached XP level 1. HP: 17/17 MP: 1/1
   380 | D:1      | Got the Compendium of the Voyage
   404 | D:1      | Reached XP level 2. HP: 13/23 MP: 2/2
   664 | D:1      | Found a faded altar of an unknown god.
   681 | D:1      | Prayed at the altar of an unknown god.
   681 | D:1      | Became a worshipper of Vehumet
   681 | D:1      | Reached * piety under Vehumet
   681 | D:1      | Offered knowledge of Foxfire by Vehumet.
   701 | D:1      | Learned a level 1 spell: Foxfire
  1540 | D:2      | Reached XP level 3. HP: 27/28 MP: 3/3
  1618 | D:2      | Reached skill level 1 in Invocations
  2008 | D:3      | Noticed Terence
  2244 | D:3      | Found Figeatt's Weapon Shoppe.
  2324 | D:3      | Reached skill level 1 in Short Blades
  2324 | D:3      | Reached skill level 1 in Long Blades
  2324 | D:3      | Reached skill level 1 in Axes
  2324 | D:3      | Reached skill level 1 in Maces & Flails
  2324 | D:3      | Reached skill level 1 in Polearms
  2324 | D:3      | Reached skill level 1 in Staves
  2324 | D:3      | Reached skill level 1 in Slings
  2324 | D:3      | Reached skill level 1 in Bows
  2324 | D:3      | Reached skill level 1 in Crossbows
  2324 | D:3      | Reached skill level 1 in Throwing
  2324 | D:3      | Reached skill level 1 in Shields
  2324 | D:3      | Reached skill level 1 in Unarmed Combat
  2324 | D:3      | Reached skill level 1 in Spellcasting
  2324 | D:3      | Reached XP level 4. HP: 34/34 MP: 5/5
  2543 | D:3      | Found a radiant altar of Vehumet.
  2543 | D:3      | Noticed a frost-covered statue
  2727 | D:3      | Offered knowledge of Searing Ray by Vehumet.
  2783 | D:3      | Reached ** piety under Vehumet
  2822 | D:3      | Reached skill level 1 in Conjurations
  2822 | D:3      | Reached skill level 1 in Hexes
  2822 | D:3      | Reached skill level 1 in Summonings
  2822 | D:3      | Reached skill level 1 in Necromancy
  2822 | D:3      | Reached skill level 1 in Translocations
  2822 | D:3      | Reached skill level 1 in Transmutations
  2822 | D:3      | Reached skill level 1 in Fire Magic
  2822 | D:3      | Reached skill level 1 in Ice Magic
  2822 | D:3      | Reached skill level 1 in Air Magic
  2822 | D:3      | Reached skill level 1 in Earth Magic
  2822 | D:3      | Reached skill level 1 in Poison Magic
  3123 | D:3      | Killed Terence
  3124 | D:3      | Reached XP level 5. HP: 40/40 MP: 5/7
  3809 | D:4      | Found a sacrificial altar of Ru.
  3840 | D:4      | Reached XP level 6. HP: 44/47 MP: 8/8
  3845 | D:4      | Found a broken altar of Ashenzari.
  3869 | D:4      | Found a transporter.
  3869 | D:4      | Found a transporter.
  3897 | D:4      | Noticed Zeld's ghost (novice MfIE)
  3920 | D:4      | Slain by a killer bee

Illustrated notes

Levels and vault maps discovered:
D:1:      dpeg_arrival_concentric_ovals, layout_loops_ring,
          basic_ecumenical_altar
D:2:      layout_rooms, hangedman_glass_teeth, mrwooster_statue_mirror,
          due_unseen_surprise
D:3:      layout_basic, vehumet_statue, serial_shops,
          nicolae_shop_bloodbath_and_beyond, serial_bayou_ford_a,
          kennysheep_nondescript, minmay_misc_feat_plants, uniq_terence
D:4:      layout_cave_pools, mainiacjoe_overflow_catwalk, tgw_xom,
          nicolae_ru_awakened_eye, gammafunk_ghost_gnarly_gnolls,
          grunt_ministairs_10, minmay_misc_feat_more_columns

Skill      XL: |  1  2  3  4  5 |
---------------+----------------+-----
Invocations    | 1 2 |  2.0
Short Blades   | 1 |  1.8
Long Blades    | 1 |  1.8
Axes           | 1 |  1.8
Maces & Flails | 1 |  1.8
Polearms       | 1 |  1.8
Staves         | 1 |  1.8
Slings         | 1 |  1.8
Bows           | 1 |  1.8
Crossbows      | 1 |  1.8
Throwing       | 1 |  1.8
Shields        | 1 |  1.8
Unarmed Combat | 1 |  1.8
Spellcasting   | 1 |  1.8
Conjurations   | 1 |  1.4
Hexes          | 1 |  1.4
Summonings     | 1 |  1.4
Necromancy     | 1 |  1.4
Translocations | 1 |  1.4
Transmutations | 1 |  1.4
Fire Magic     | 1 |  1.4
Ice Magic      | 1 |  1.4
Air Magic      | 1 |  1.4
Earth Magic    | 1 |  1.4
Poison Magic   | 1 |  1.4
Fighting       | 3 |  3.1
Dodging        | 3 |  3.1
Stealth        | 3 |  3.0
Armour         | |  4.9
Evocations     | |  6.8

Action                   |  1- 3 |  4- 6 || total
-------------------------+-------+-------++-------
Melee: Club              |    66 |       ||    66
       Bite              |    11 |     5 ||    16
       Dagger            |    54 |    33 ||    87
       Punch             |     1 |     2 ||     3
       Short sword       |       |    39 ||    39
 Cast: Foxfire           |     7 |    29 ||    36
Evoke: Wand              |     2 |     4 ||     6
       Piece from Xom's  |     5 |       ||     5
  Use: Potion            |       |     4 ||     4
 Stab: Distracted        |     1 |       ||     1
       Petrified         |     4 |       ||     4
       Paralysed         |     2 |       ||     2
       Sleeping          |     2 |     1 ||     3
       Invisible         |       |     1 ||     1
Armor: Leather armour    |    39 |    35 ||    74
       Skin              |       |     4 ||     4
Dodge: Dodged            |   104 |    53 ||   157
